 Dungeon Crawl Stone Soup version 0.18.1-8-gdd0e5ea (webtiles) character file.

9772 Charly the Grappler (level 11, -1/109 HPs)
             Began as a Troll Monk on May 26, 2016.
             Slain by a ten-headed hydra (6 damage)
             ... on level 1 of the Lair of Beasts.
             The game lasted 00:58:25 (3920 turns).

Charly the Grappler (Troll Monk)                    Turns: 3920, Time: 00:58:25

Health: -1/109     AC:  7    Str: 25    XL:     11   Next: 27%
Magic:  3/11       EV: 10    Int: 17    God:
Gold:   496        SH: 11    Dex: 12    Spells: 0 memorised, 10 levels left

rFire  x . .     SeeInvis .       - Unarmed
rCold  + . .     Gourm    +     a - +0 robe
rNeg   . . .     Faith    .     g - +0 shield of Adoutia {Int+8}
rPois  +         Spirit   .     (helmet restricted)
rElec  .         Dismiss  .     x - +1 cloak {rPois}
rCorr  .         Reflect  .     (gloves unavailable)
SustAt .         Harm     .     (boots unavailable)
MR     .....                    E - amulet of the gourmand
Stlth  ++........               i - ring of ice
                                k - +4 ring of strength

@: marked, very slightly contaminated, hasted, drained, invisible, very quick,
not resistant to hostile enchantments, unstealthy
A: unfitting armour, claws 3, fast metabolism 3, gourmand, high mp 1,
regeneration 2, shaggy fur 1, tough skin 2, wild magic 1, MP-powered wands
a: no special abilities


You were on level 1 of the Lair of Beasts.
You were hungry.

You visited 4 branches of the dungeon, and saw 14 of its levels.
You also visited: Bailey.

You collected 601 gold pieces.
You spent 105 gold pieces at shops.

Inventory:

Hand Weapons
 z - a +1 blowgun
Missiles
 t - 4 throwing nets (quivered)
 y - 3 curare-tipped needles
Armour
 a - a +0 robe (worn)
 g - the +0 shield of Adoutia (worn) {Int+8}
   (You acquired it on level 9 of the Dungeon)

   It affects your intelligence (+8).
 x - a +1 cloak of poison resistance (worn)
Jewellery
 i - a ring of ice (right claw)
 k - a +4 ring of strength (left claw)
 E - an amulet of the gourmand (around neck)
Wands
 e - a wand of iceblast (5/15)
 w - a wand of lightning (8/15)
 D - a wand of digging (4/24)
 F - a wand of random effects (10/48)
Scrolls
 m - 2 scrolls of blinking
 u - a scroll of remove curse
Potions
 c - a potion of flight
 d - 3 potions of curing
 h - 2 potions of agility
 j - a potion of magic {unknown}
 n - 3 potions of heal wounds
 p - 3 potions of brilliance
 s - a potion of lignification
 v - 2 potions of cancellation {unknown}
 B - a potion of mutation {unknown}
 C - a potion of cure mutation {unknown}
Books
 f - a book of Enchantments

   Spells                             Type                      Level
   a - Cause Fear                     Hexes                        4
   b - Yara's Violent Unravelling     Hexes/Transmutation          5
   c - Silence                        Hexes/Air                    5
   d - Deflect Missiles               Charms/Air                   6
   e - Haste                          Charms                       6
   f - Discord                        Hexes                        8
 o - a book of Death

   Spells                             Type                      Level
   a - Corpse Rot                     Necromancy                   2
   b - Sublimation of Blood           Necromancy                   2
   c - Agony                          Necromancy                   5
   d - Dispel Undead                  Necromancy                   5
   e - Excruciating Wounds            Charms/Necromancy            5
   f - Bolt of Draining               Conjuration/Necromancy       5
 G - a Young Poisoner's Handbook

   Spells                             Type                      Level
   a - Sting                          Conjuration/Poison           1
   b - Cure Poison                    Poison                       2
   c - Mephitic Cloud                 Conjuration/Poison/Air       3
   d - Olgreb's Toxic Radiance        Poison                       4
   e - Venom Bolt                     Conjuration/Poison           5
Comestibles
 b - 3 bread rations
 q - a meat ration


   Skills:
 + Level 7.5 Fighting
 - Level 2.4 Dodging
 - Level 1.1 Stealth
 + Level 7.2 Shields
 + Level 13.2 Unarmed Combat


You had 10 spell levels left.
You didn't know any spells.

Dungeon Overview and Level Annotations

Branches:
Dungeon (11/15)            Temple (1/1) D:5            Lair (1/8) D:10
    Orc (1/2) D:9

Altars:
Elyvilon
Fedhas
Kikubaaqudgha
Pakellas
Qazlal
Ru
Sif Muna
Trog
Vehumet
Xom
Yredelemnul
Zin
The Shining One

Shops:
D:9 }*?*[=

Annotations:
Lair:1 Harold, Nergalle


Innate Abilities, Weirdness & Mutations

You are too large for most types of armour.
You have claws for hands.
Your metabolism is lightning-fast.
You like to eat raw meat.
You heal very quickly.
You are covered in fur (AC +1).
You have very tough skin (AC +2).
You have an increased reservoir of magic (+10% MP).
Your spells are a little harder to cast, but a little more powerful.
You expend magic power (3 MP) to strengthen your wands.


Message History

The eight-headed hydra bites you but does no damage.
The eight-headed hydra misses you.
You tear one of the eight-headed hydra's heads off!
The seven-headed hydra grows two more!
You claw the nine-headed hydra!
The nine-headed hydra is severely wounded.
Unknown command.
You claw one of the nine-headed hydra's heads off!
The eight-headed hydra grows two more!
You claw the ten-headed hydra!
The ten-headed hydra is severely wounded.
You block Harold's attack. The ten-headed hydra bites you.
* * * LOW HITPOINT WARNING * * *
You block the ten-headed hydra's attack. x2
The ten-headed hydra bites you.
* * * LOW HITPOINT WARNING * * *
The ten-headed hydra bites you!
* * * LOW HITPOINT WARNING * * *
The ten-headed hydra bites you.
* * * LOW HITPOINT WARNING * * *
The ten-headed hydra misses you. The ten-headed hydra bites you.
You die...

#..P# ##..#
##.## #r##
#.# ##.#
#.## #l.#
#..# #..#
##.# ##..#
#.# #..##
##.## #..#
#...# ##D@#
##..## #.@##
##..#
#...†...t..
##.##
#....t.....
#..P#
#P..........
#..##
##..........
##.#
#.........[
##.#
#..........
#..#
#..>.......


You could see Harold, a ten-headed hydra, an iguana and a porcupine.

Vanquished Creatures
  An orc warlord (Bailey)
  Erica (D:9)
  Sonja (D:10)
  2 orc knights (Bailey)
  Psyche (D:10)
  2 komodo dragons (Lair:1)
  A spiny frog (Lair:1)
  A wyvern (D:9)
  A steam dragon (D:10)
  A hippogriff (D:5)
  A warg (D:9)
  Menkaure (D:7)
  2 porcupines (Lair:1)
  19 orc warriors
  A sky beast (D:10)
  An eye of draining (D:8)
  A phantom (D:7)
  An ice beast (D:6)
  4 ogres
  A necrophage (D:8)
  3 centaurs
  A crocodile (Lair:1)
  A giant frog (D:6)
  A wyvern skeleton (D:7)
  A scorpion (D:6)
  A water moccasin skeleton (D:8)
  8 wights
  3 howler monkeys (D:9)
  A giant frog zombie (D:8)
  3 crimson imps
  3 orc priests
  A jelly (D:10)
  A gnoll shaman (D:7)
  2 hounds
  Terence (D:3)
  2 giant frog skeletons
  3 iguanas
  6 worker ants
  3 orc wizards (D:9)
  A hound zombie (D:9)
  A worker ant zombie (D:5)
  15 gnolls
  6 adders
  A shadow imp (D:6)
  2 oozes
  An adder skeleton (D:9)
  An adder zombie (D:8)
  A worm (D:4)
  A dart slug (D:4)
  5 giant geckos
  35 orcs
  3 bats
  2 giant cockroaches
  22 goblins
  7 hobgoblins (Bailey)
  3 jackals (D:9)
  3 kobolds
  2 quokkas
  A giant gecko skeleton (D:6)
  6 giant newts
  2 rats (D:2)
  A plant (D:10)
211 creatures vanquished.

Notes
Turn   | Place    | Note
--------------------------------------------------------------
     0 | D:1      | Charly the Troll Monk began the quest for the Orb.
     0 | D:1      | Reached XP level 1. HP: 22/22 MP: 0/0
    71 | D:2      | Found a faded altar to an unknown god.
   127 | D:3      | Reached XP level 2. HP: 23/29 MP: 1/1
   178 | D:3      | Noticed Terence
   193 | D:3      | Killed Terence
   193 | D:3      | Reached skill level 5 in Unarmed Combat
   193 | D:3      | Reached XP level 3. HP: 35/36 MP: 2/2
   244 | D:5      | Entered Level 5 of the Dungeon
   249 | D:5      | Reached XP level 4. HP: 29/44 MP: 3/3
   259 | D:4      | Reached skill level 6 in Unarmed Combat
   301 | D:5      | Reached XP level 5. HP: 45/50 MP: 4/4
   343 | D:5      | Noticed a hippogriff
   350 | D:5      | Killed a hippogriff
   350 | D:5      | Reached skill level 7 in Unarmed Combat
   394 | D:5      | Reached XP level 6. HP: 40/59 MP: 5/5
   445 | D:5      | Reached skill level 8 in Unarmed Combat
   450 | D:5      | Found a staircase to the Ecumenical Temple.
   454 | Temple   | Entered the Ecumenical Temple
   577 | D:5      | Reached XP level 7. HP: 50/66 MP: 6/6
   608 | D:6      | Noticed a fire elemental
   615 | D:6      | Noticed an air elemental
   717 | D:6      | Found a stormy altar of Qazlal.
   743 | D:6      | Reached skill level 9 in Unarmed Combat
   859 | D:7      | Found a bloodstained altar of Trog.
   889 | D:7      | Noticed Menkaure
   895 | D:7      | Killed Menkaure
   972 | D:7      | Reached skill level 10 in Unarmed Combat
   978 | D:7      | Reached XP level 8. HP: 21/74 MP: 7/7
  1172 | D:9      | Found Zilaups's Magic Scroll Emporium.
  1176 | D:9      | Bought a scroll of teleportation for 45 gold pieces
  1176 | D:9      | Bought a scroll of identify for 30 gold pieces
  1176 | D:9      | Bought a scroll of identify for 30 gold pieces
  1181 | D:9      | Identified a scroll of acquirement
  1182 | D:9      | Got a spiked shield
  1188 | D:9      | Identified the +0 shield of Adoutia {Int+8} (You acquired it on level 9 of the Dungeon)
  1207 | D:9      | Found Meiru's General Store.
  1255 | D:9      | Found Ikyxawk's Gadget Boutique.
  1314 | D:10     | Entered Level 10 of the Dungeon
  1369 | D:10     | Reached skill level 1 in Shields
  1373 | D:10     | Gained mutation: You expend magic power (3 MP) to strengthen your wands. [mutagenic meat]
  1374 | D:10     | Gained mutation: You are dopey. (Int -2) [mutagenic meat]
  1375 | D:10     | Gained mutation: Your spells are a little harder to cast, but a little more powerful. [mutagenic meat]
  1376 | D:10     | Lost mutation: You are dopey. (Int -2) [mutagenic meat]
  1377 | D:10     | Gained mutation: You have an increased reservoir of magic (+10% MP). [mutagenic meat]
  1443 | D:9      | Found Yninn's Jewellery Shoppe.
  1466 | D:10     | Noticed Psyche
  1476 | D:10     | Killed Psyche
  1476 | D:10     | Reached skill level 11 in Unarmed Combat
  1550 | D:10     | Noticed Sonja
  1554 | D:10     | Killed Sonja
  1554 | D:10     | Reached XP level 9. HP: 59/85 MP: 2/8
  1562 | D:10     | Found a staircase to the Lair.
  1617 | D:10     | Found a flagged portal.
  1646 | Bailey   | Entered a bailey
  1733 | Bailey   | Noticed an orc knight
  1807 | Bailey   | Killed an orc knight
  1807 | Bailey   | Reached skill level 5 in Fighting
  2033 | Bailey   | Reached skill level 12 in Unarmed Combat
  2036 | Bailey   | Reached XP level 10. HP: 97/97 MP: 5/10
  2047 | Bailey   | Reached skill level 5 in Shields
  2123 | Bailey   | Noticed an orc warlord
  2130 | Bailey   | Noticed an orc knight
  2162 | Bailey   | Killed an orc warlord
  2242 | Bailey   | Killed an orc knight
  2329 | D:9      | Found Leqodosi's Assorted Antiques.
  2385 | D:9      | Noticed Erica
  2406 | D:9      | Killed Erica
  2492 | D:9      | Found a staircase to the Orcish Mines.
  2492 | D:9      | Found Figiha's Armour Shop.
  2523 | Orc:1    | Entered Level 1 of the Orcish Mines
  2542 | D:9      | Reached XP level 11. HP: 62/109 MP: 11/11
  3136 | D:4      | Found an oddly glowing altar of Pakellas.
  3190 | D:4      | Reached skill level 13 in Unarmed Combat
  3615 | D:8      | Found a deep blue altar of Sif Muna.
  3787 | Lair:1   | Entered Level 1 of the Lair of Beasts
  3832 | Lair:1   | Noticed a five-headed hydra
  3833 | Lair:1   | Noticed Harold
  3871 | Lair:1   | Noticed Nergalle
  3920 | Lair:1   | HP: 5/109 [ten-headed hydra (2)]
  3920 | Lair:1   | Slain by a ten-headed hydra

Skill      XL: |  1  2  3  4  5  6  7  8  9 10 11 |
---------------+----------------------------------+-----
Unarmed Combat | 5 6 7 8 10 11 12 13 | 13.2
Shields        | 3 4 6 7 |  7.2
Fighting       | 4 5 7 |  7.5
Dodging        | |  2.4
Stealth        | |  1.1

Action                   |  1- 3 |  4- 6 |  7- 9 | 10-12 || total
-------------------------+-------+-------+-------+-------++-------
Melee: Unarmed           |    39 |    54 |   255 |   315 ||   663
       Punch             |       |     3 |     2 |       ||     5
 Fire: Blowgun           |       |       |    15 |     6 ||    21
Evoke: Wand              |     1 |     4 |    16 |     6 ||    27
  Use: Scroll            |       |     1 |    13 |    11 ||    25
       Potion            |       |       |     1 |     5 ||     6
 Stab: Sleeping          |     1 |     1 |     1 |     1 ||     4
       Distracted        |       |       |     1 |       ||     1
       Invisible         |       |       |       |     5 ||     5
  Eat: Fruit             |     3 |       |     3 |       ||     6
       Chunk             |       |     4 |    18 |    10 ||    32
       Pizza             |       |       |       |     1 ||     1
Armor: Robe              |    12 |    13 |    26 |    96 ||   147
       Skin              |       |       |    10 |     4 ||    14
Dodge: Dodged            |    21 |    14 |    42 |   125 ||   202
Block: Shield            |       |       |    49 |   177 ||   226
